[ AOE2 MATCH · #480454926 ]
UnrankedPoles vs Sicilians
[ REPLAY ANALYSIS · EXTRACTED FROM THE RECORDED GAME ]
Feudal
13:22
Castle
17:55
Imperial
—
| APM avg | 34.4 |
| APM peak | 77 |
| eAPM avg | 17.4 |
| Villagers / military | 56 / 79 |
Focus
⚔️ 36.7% · 🌾 63.3%
Spearman ×47 · Obuch ×26 · Battering Ram ×6
Feudal
13:10
Castle
27:27
Imperial
—
| APM avg | 16.3 |
| APM peak | 45 |
| eAPM avg | 11.8 |
| Villagers / military | 126 / 9 |
Focus
⚔️ 19.1% · 🌾 80.9%
Serjeant ×9 · Fishing Ship ×7
Feudal
13:20
Castle
24:02
Imperial
39:32
| APM avg | 42.9 |
| APM peak | 91 |
| eAPM avg | 17.5 |
| Villagers / military | 114 / 110 |
Focus
⚔️ 43.7% · 🌾 56.3%
Archer ×59 · Spearman ×36 · Mameluke ×6 · Battering Ram ×6 · Monk ×3
Feudal
12:25
Castle
21:01
Imperial
38:20
| APM avg | 37.5 |
| APM peak | 79 |
| eAPM avg | 17.1 |
| Villagers / military | 143 / 103 |
Focus
⚔️ 32.7% · 🌾 67.3%
Knight ×81 · Scout Cavalry ×8 · Scorpion ×5 · Trebuchet (Packed) ×5 · Teutonic Knight ×3 · Mangonel ×1
Feudal
10:59
Castle
26:33
Imperial
40:41
| APM avg | 27.4 |
| APM peak | 66 |
| eAPM avg | 19.9 |
| Villagers / military | 138 / 80 |
Focus
⚔️ 33.0% · 🌾 67.0%
Kamayuk ×75 · Trebuchet (Packed) ×5
Feudal
—
Castle
—
Imperial
—
| APM avg | 31.2 |
| APM peak | 58 |
| eAPM avg | 17.1 |
| Villagers / military | 155 / 111 |
Focus
⚔️ 35.1% · 🌾 64.9%
Monaspa ×94 · Scout Cavalry ×6 · Battering Ram ×5 · Knight ×4 · Monk ×2
Feudal
13:21
Castle
16:57
Imperial
31:36
| APM avg | 40.6 |
| APM peak | 86 |
| eAPM avg | 24.4 |
| Villagers / military | 184 / 235 |
Focus
⚔️ 41.6% · 🌾 58.4%
Battle Elephant ×159 · Arambai ×67 · Trebuchet (Packed) ×7 · Monk ×2
Feudal
10:52
Castle
18:53
Imperial
36:50
| APM avg | 40.6 |
| APM peak | 69 |
| eAPM avg | 25.6 |
| Villagers / military | 202 / 78 |
Focus
⚔️ 38.6% · 🌾 61.4%
Unknown (1949) ×73 · Spearman ×62 · Battering Ram ×12 · Monk ×4
Match map
Initial resources + every placement click. Lines = walls · curves = elevation contours. ◆ gold · ⬟ stone · ● berries · ✦ relic · ◌ wall gap
Your base· Open — 1t gap
Hand Cannon's base· Open — 4t gap
AOE2.GG | MattWithAHat's base· Open — unwalled flank
b4ron1's base· Open — 7t gap
Jansku's base· Open — unwalled flank
FunKinGGusTI's base· Open — unwalled flank
Alexis's base· Open — unwalled flank
Louis XI's base· Open — 8t gap
Smoothed initial terrain · ◌ = detected wall gap · hover for details
Inputs per minute
— 胖子事情多 - - Hand Cannon
Build order — 胖子事情多
First 150 of 214 actions detected
| 0:16 | Build | Town Center |
| 0:26 | Build | House |
| 2:23 | Create | Villager (Male) |
| 2:24 | Create | Villager (Male) |
| 2:24 | Create | Villager (Male) |
| 2:44 | Create | Villager (Male) |
| 3:47 | Create | Villager (Male) |
| 4:23 | Build | Lumber Camp |
| 4:29 | Research | Loom |
| 4:30 | Research | Loom |
| 4:37 | Build | House |
| 4:57 | Create | Villager (Male) |
| 5:12 | Create | Villager (Male) |
| 5:12 | Create | Villager (Male) |
| 5:31 | Build | House |
| 5:43 | Create | Villager (Male) |
| 5:43 | Create | Villager (Male) |
| 6:29 | Create | Villager (Male) |
| 6:51 | Build | House |
| 7:06 | Create | Villager (Male) |
| 7:43 | Create | Villager (Male) |
| 7:56 | Build | House |
| 8:06 | Create | Villager (Male) |
| 8:18 | Build | House |
| 8:21 | Build | Palisade Wall |
| 8:28 | Create | Villager (Male) |
| 9:06 | Create | Villager (Male) |
| 9:18 | Create | Villager (Male) |
| 9:28 | Build | House |
| 9:37 | Create | Villager (Male) |
| 9:56 | Build | Palisade Wall |
| 10:01 | Build | House |
| 10:03 | Build | Palisade Wall |
| 10:05 | Build | Palisade Wall |
| 10:13 | Create | Villager (Male) |
| 10:30 | Build | Mining Camp |
| 10:43 | Create | Villager (Male) |
| 11:10 | Research | Feudal Age |
| 11:10 | Research | Feudal Age |
| 11:25 | Build | Mining Camp |
| 11:38 | Build | Palisade Wall |
| 11:43 | Build | Palisade Wall |
| 12:10 | Build | Mill |
| 12:48 | Build | Outpost |
| 13:04 | Create | Villager (Male) |
| 13:05 | Create | Villager (Male) |
| 13:22 | Age | Feudal Age |
| 13:24 | Create | Villager (Male) |
| 13:26 | Research | Town Watch |
| 13:26 | Research | Town Watch |
| 13:29 | Build | Market |
| 14:19 | Build | Blacksmith |
| 14:21 | Create | Villager (Male) |
| 14:38 | Create | Villager (Male) |
| 15:08 | Build | House |
| 15:12 | Build | Palisade Wall |
| 15:15 | Research | Castle Age |
| 15:40 | Build | Palisade Wall |
| 16:04 | Build | Palisade Wall |
| 16:10 | Build | Palisade Wall |
| 16:14 | Build | Palisade Wall |
| 16:29 | Build | House |
| 16:50 | Create | Villager (Male) |
| 17:11 | Research | Double-Bit Axe |
| 17:11 | Research | Double-Bit Axe |
| 17:54 | Create | Villager (Male) |
| 17:55 | Age | Castle Age |
| 18:02 | Build | Castle |
| 18:06 | Create | Villager (Male) |
| 18:19 | Build | Palisade Wall |
| 18:35 | Build | Town Center |
| 19:07 | Create | Villager (Male) |
| 19:20 | Research | Horse Collar |
| 19:21 | Research | Horse Collar |
| 19:28 | Create | Obuch |
| 19:35 | Build | Outpost |
| 19:37 | Create | Obuch |
| 19:47 | Build | Farm |
| 19:49 | Build | Farm |
| 19:51 | Build | Farm |
| 19:57 | Create | Obuch |
| 20:02 | Create | Villager (Male) |
| 20:05 | Create | Villager (Male) |
| 20:15 | Create | Villager (Male) |
| 20:27 | Create | Obuch |
| 20:51 | Create | Villager (Male) |
| 20:55 | Build | Mill |
| 21:04 | Create | Obuch |
| 21:09 | Build | Farm |
| 21:10 | Build | Farm |
| 21:11 | Build | Farm |
| 21:12 | Build | Farm |
| 21:12 | Build | Farm |
| 21:13 | Build | Farm |
| 21:17 | Build | Farm |
| 21:32 | Create | Villager (Male) |
| 21:43 | Create | Villager (Male) |
| 21:51 | Build | Barracks |
| 21:53 | Create | Obuch |
| 22:08 | Create | Villager (Male) |
| 22:17 | Research | Forging |
| 22:21 | Build | Farm |
| 22:22 | Build | Farm |
| 22:45 | Build | Farm |
| 22:55 | Create | Villager (Male) |
| 22:59 | Create | Obuch |
| 23:14 | Create | Villager (Male) |
| 23:22 | Create | Villager (Male) |
| 23:31 | Build | Mill |
| 23:35 | Create | Obuch |
| 23:41 | Create | Villager (Male) |
| 23:51 | Build | House |
| 23:55 | Create | Villager (Male) |
| 24:38 | Build | House |
| 24:39 | Create | Spearman |
| 24:40 | Create | Spearman |
| 24:50 | Build | House |
| 24:52 | Build | House |
| 24:54 | Build | Palisade Wall |
| 25:07 | Create | Villager (Male) |
| 25:17 | Create | Obuch |
| 25:19 | Build | House |
| 25:22 | Build | House |
| 25:24 | Create | Spearman |
| 25:26 | Build | House |
| 25:35 | Build | House |
| 25:43 | Research | Wheelbarrow |
| 25:44 | Research | Wheelbarrow |
| 25:46 | Create | Villager (Male) |
| 25:47 | Create | Villager (Male) |
| 26:19 | Build | Stone Wall |
| 26:23 | Create | Villager (Male) |
| 26:24 | Create | Villager (Male) |
| 26:33 | Build | House |
| 26:35 | Build | Stone Wall |
| 26:45 | Build | Stone Wall |
| 26:47 | Create | Villager (Male) |
| 27:10 | Build | Stone Wall |
| 27:11 | Build | Stone Wall |
| 27:12 | Build | Stone Wall |
| 27:15 | Create | Obuch |
| 27:25 | Create | Obuch |
| 27:31 | Research | Pikeman (upgrade) |
| 27:34 | Create | Villager (Male) |
| 28:09 | Build | Stone Wall |
| 28:11 | Create | Spearman |
| 28:13 | Create | Villager (Male) |
| 28:21 | Create | Obuch |
| 28:26 | Build | Siege Workshop |
| 28:42 | Research | Scale Mail Armor |
Build order — Hand Cannon
First 150 of 255 actions detected
| 0:36 | Build | Town Center |
| 2:21 | Build | House |
| 2:40 | Create | Villager (Male) |
| 2:40 | Create | Villager (Male) |
| 2:40 | Create | Villager (Male) |
| 2:41 | Create | Villager (Male) |
| 3:10 | Research | Loom |
| 3:59 | Build | House |
| 4:29 | Create | Villager (Male) |
| 4:30 | Create | Villager (Male) |
| 4:30 | Create | Villager (Male) |
| 5:00 | Create | Villager (Male) |
| 5:03 | Build | House |
| 5:16 | Create | Villager (Male) |
| 5:40 | Create | Villager (Male) |
| 5:41 | Create | Villager (Male) |
| 5:52 | Build | Lumber Camp |
| 6:50 | Create | Villager (Male) |
| 6:50 | Create | Villager (Male) |
| 6:50 | Create | Villager (Male) |
| 6:54 | Build | House |
| 7:47 | Create | Villager (Male) |
| 7:47 | Create | Villager (Male) |
| 7:48 | Create | Villager (Male) |
| 8:05 | Create | Villager (Male) |
| 8:05 | Create | Villager (Male) |
| 8:37 | Build | Mill |
| 8:40 | Create | Villager (Male) |
| 8:44 | Build | House |
| 8:56 | Create | Villager (Male) |
| 9:18 | Create | Villager (Male) |
| 9:42 | Create | Villager (Male) |
| 10:46 | Research | Feudal Age |
| 12:40 | Build | Lumber Camp |
| 12:57 | Create | Villager (Male) |
| 12:58 | Create | Villager (Male) |
| 12:58 | Create | Villager (Male) |
| 13:10 | Age | Feudal Age |
| 13:14 | Build | Donjon |
| 13:32 | Research | Wheelbarrow |
| 14:13 | Research | Town Watch |
| 15:06 | Create | Villager (Male) |
| 15:07 | Create | Villager (Male) |
| 15:07 | Create | Villager (Male) |
| 15:07 | Create | Villager (Male) |
| 15:08 | Create | Villager (Male) |
| 15:41 | Research | Double-Bit Axe |
| 16:27 | Build | House |
| 16:42 | Build | House |
| 16:54 | Build | Mill |
| 17:09 | Create | Villager (Male) |
| 17:09 | Create | Villager (Male) |
| 17:10 | Create | Villager (Male) |
| 17:38 | Build | Donjon |
| 18:17 | Create | Villager (Male) |
| 18:18 | Create | Villager (Male) |
| 18:26 | Build | Blacksmith |
| 18:42 | Create | Villager (Male) |
| 18:43 | Create | Villager (Male) |
| 18:43 | Create | Villager (Male) |
| 18:52 | Build | Mill |
| 19:02 | Research | Fletching |
| 19:23 | Create | Villager (Male) |
| 19:35 | Build | Mill |
| 19:37 | Create | Villager (Male) |
| 19:37 | Create | Villager (Male) |
| 19:37 | Create | Villager (Male) |
| 19:56 | Create | Villager (Male) |
| 19:57 | Create | Villager (Male) |
| 21:05 | Build | Mining Camp |
| 21:22 | Research | Horse Collar |
| 21:31 | Build | Donjon |
| 21:39 | Create | Villager (Male) |
| 21:39 | Create | Villager (Male) |
| 22:19 | Build | House |
| 23:32 | Build | Mining Camp |
| 23:40 | Research | Gold Mining |
| 23:58 | Research | Stone Mining |
| 24:14 | Build | Market |
| 24:47 | Research | Castle Age |
| 25:01 | Build | Donjon |
| 26:28 | Build | Mining Camp |
| 26:43 | Create | Serjeant |
| 26:43 | Create | Serjeant |
| 26:44 | Create | Serjeant |
| 26:44 | Create | Serjeant |
| 26:46 | Create | Serjeant |
| 26:47 | Create | Serjeant |
| 26:48 | Research | Forging |
| 26:49 | Research | Scale Mail Armor |
| 26:52 | Build | House |
| 26:53 | Build | House |
| 27:27 | Age | Castle Age |
| 28:17 | Build | Castle |
| 28:33 | Research | Hand Cart |
| 29:05 | Build | Mining Camp |
| 29:08 | Research | Bodkin Arrow |
| 29:20 | Create | Serjeant |
| 29:20 | Create | Serjeant |
| 29:25 | Create | Serjeant |
| 29:44 | Build | Mining Camp |
| 30:02 | Build | Lumber Camp |
| 30:38 | Build | Outpost |
| 31:51 | Build | Town Center |
| 32:37 | Build | Outpost |
| 32:39 | Build | Outpost |
| 32:46 | Build | Castle |
| 33:49 | Build | Town Center |
| 34:24 | Build | Mill |
| 34:25 | Create | Villager (Male) |
| 34:35 | Build | Outpost |
| 35:03 | Build | Mill |
| 35:11 | Create | Villager (Male) |
| 35:28 | Build | Lumber Camp |
| 35:48 | Build | Outpost |
| 35:55 | Create | Villager (Male) |
| 35:55 | Create | Villager (Male) |
| 36:16 | Create | Villager (Male) |
| 36:26 | Create | Villager (Male) |
| 36:36 | Build | Outpost |
| 36:41 | Create | Villager (Male) |
| 36:56 | Build | Outpost |
| 36:57 | Build | Outpost |
| 37:05 | Create | Villager (Male) |
| 37:06 | Create | Villager (Male) |
| 37:07 | Create | Villager (Male) |
| 37:07 | Create | Villager (Male) |
| 37:21 | Build | Town Center |
| 37:24 | Create | Villager (Male) |
| 37:24 | Create | Villager (Male) |
| 37:59 | Create | Villager (Male) |
| 38:00 | Create | Villager (Male) |
| 38:00 | Create | Villager (Male) |
| 38:03 | Create | Villager (Male) |
| 38:03 | Create | Villager (Male) |
| 38:05 | Create | Villager (Male) |
| 38:08 | Build | Dock |
| 38:14 | Create | Villager (Male) |
| 38:28 | Create | Fishing Ship |
| 38:29 | Create | Fishing Ship |
| 38:29 | Create | Fishing Ship |
| 38:50 | Build | Outpost |
| 38:53 | Create | Villager (Male) |
| 38:56 | Create | Villager (Male) |
| 38:56 | Create | Villager (Male) |
| 38:56 | Create | Villager (Male) |
| 38:57 | Create | Villager (Male) |
| 38:57 | Create | Villager (Male) |
| 38:58 | Create | Villager (Male) |
| 39:29 | Build | Town Center |
Build order — AOE2.GG | MattWithAHat
First 150 of 405 actions detected
| 0:45 | Build | Town Center |
| 1:34 | Build | House |
| 3:08 | Create | Villager (Male) |
| 3:08 | Create | Villager (Male) |
| 3:08 | Create | Villager (Male) |
| 3:17 | Create | Villager (Male) |
| 3:18 | Create | Villager (Male) |
| 3:19 | Research | Loom |
| 4:13 | Create | Villager (Male) |
| 4:34 | Build | House |
| 5:04 | Build | House |
| 5:07 | Create | Villager (Male) |
| 5:07 | Create | Villager (Male) |
| 5:28 | Create | Villager (Male) |
| 5:46 | Build | Lumber Camp |
| 5:56 | Create | Villager (Male) |
| 6:37 | Create | Villager (Male) |
| 6:54 | Create | Villager (Male) |
| 7:41 | Create | Villager (Male) |
| 7:42 | Create | Villager (Male) |
| 8:02 | Build | Mill |
| 8:05 | Create | Villager (Male) |
| 8:43 | Build | Mill |
| 8:46 | Create | Villager (Male) |
| 9:10 | Build | House |
| 9:14 | Create | Villager (Male) |
| 9:40 | Create | Villager (Male) |
| 9:47 | Build | House |
| 10:09 | Create | Villager (Male) |
| 10:22 | Build | Barracks |
| 10:27 | Build | Palisade Wall |
| 10:32 | Build | Palisade Wall |
| 10:36 | Build | Palisade Wall |
| 10:53 | Build | Palisade Wall |
| 10:54 | Build | Palisade Wall |
| 10:56 | Build | Palisade Wall |
| 11:10 | Research | Feudal Age |
| 11:10 | Research | Feudal Age |
| 12:24 | Build | Mining Camp |
| 12:31 | Create | Villager (Male) |
| 12:31 | Create | Villager (Male) |
| 13:20 | Age | Feudal Age |
| 13:25 | Build | Archery Range |
| 13:37 | Research | Double-Bit Axe |
| 13:47 | Create | Villager (Male) |
| 14:02 | Create | Villager (Male) |
| 14:10 | Create | Archer |
| 14:11 | Create | Archer |
| 14:16 | Create | Archer |
| 14:40 | Create | Archer |
| 15:02 | Create | Archer |
| 15:07 | Build | Lumber Camp |
| 15:29 | Create | Spearman |
| 15:30 | Create | Spearman |
| 15:31 | Create | Villager (Male) |
| 15:33 | Create | Villager (Male) |
| 15:37 | Build | House |
| 15:38 | Build | House |
| 15:41 | Build | House |
| 15:46 | Build | House |
| 15:52 | Create | Villager (Male) |
| 16:03 | Create | Archer |
| 16:14 | Build | Palisade Wall |
| 16:38 | Create | Villager (Male) |
| 16:59 | Create | Villager (Male) |
| 17:06 | Create | Archer |
| 17:08 | Create | Villager (Male) |
| 17:13 | Build | Palisade Wall |
| 17:17 | Create | Villager (Male) |
| 17:21 | Create | Villager (Male) |
| 17:27 | Build | Blacksmith |
| 17:42 | Build | House |
| 17:43 | Build | House |
| 17:45 | Build | Palisade Wall |
| 17:47 | Create | Villager (Male) |
| 17:52 | Create | Archer |
| 18:11 | Build | Market |
| 18:23 | Create | Villager (Male) |
| 18:31 | Research | Horse Collar |
| 18:31 | Research | Horse Collar |
| 18:34 | Build | Farm |
| 18:35 | Build | Farm |
| 18:38 | Build | Farm |
| 18:40 | Build | Farm |
| 18:42 | Build | Farm |
| 18:47 | Build | Farm |
| 19:01 | Build | Farm |
| 19:06 | Build | House |
| 19:13 | Create | Archer |
| 19:38 | Build | House |
| 19:42 | Create | Villager (Male) |
| 19:43 | Create | Archer |
| 19:49 | Build | Farm |
| 19:51 | Build | Farm |
| 19:53 | Build | Farm |
| 20:15 | Build | House |
| 20:17 | Build | House |
| 20:18 | Create | Villager (Male) |
| 20:23 | Build | Farm |
| 20:26 | Build | Farm |
| 20:31 | Build | Farm |
| 20:38 | Build | Farm |
| 20:40 | Create | Villager (Male) |
| 20:47 | Create | Archer |
| 20:48 | Create | Archer |
| 21:22 | Research | Castle Age |
| 21:38 | Create | Archer |
| 21:50 | Build | House |
| 21:54 | Build | Gate |
| 21:56 | Build | House |
| 21:58 | Build | House |
| 22:10 | Research | Town Watch |
| 22:10 | Research | Wheelbarrow |
| 22:18 | Create | Archer |
| 22:18 | Create | Archer |
| 22:39 | Create | Archer |
| 22:40 | Research | Padded Archer Armor |
| 22:43 | Research | Fletching |
| 22:43 | Research | Padded Archer Armor |
| 23:26 | Create | Archer |
| 23:41 | Build | House |
| 23:42 | Build | House |
| 23:46 | Create | Archer |
| 24:02 | Age | Castle Age |
| 24:03 | Research | Crossbowman (upgrade) |
| 24:03 | Research | Crossbowman (upgrade) |
| 24:03 | Research | Crossbowman (upgrade) |
| 24:05 | Research | Bodkin Arrow |
| 24:05 | Research | Bodkin Arrow |
| 24:10 | Build | Palisade Wall |
| 24:19 | Build | Farm |
| 24:19 | Build | Farm |
| 24:20 | Build | Farm |
| 24:20 | Build | Farm |
| 24:20 | Build | Farm |
| 24:20 | Build | Farm |
| 24:25 | Build | Farm |
| 24:25 | Build | Farm |
| 24:33 | Create | Villager (Male) |
| 24:34 | Create | Villager (Male) |
| 24:40 | Create | Villager (Male) |
| 24:41 | Create | Archer |
| 24:43 | Create | Archer |
| 25:02 | Build | Siege Workshop |
| 25:07 | Create | Villager (Male) |
| 25:27 | Create | Villager (Male) |
| 25:48 | Create | Battering Ram |
| 25:48 | Create | Battering Ram |
| 25:55 | Build | Lumber Camp |
| 26:03 | Create | Archer |
Build order — b4ron1
First 150 of 352 actions detected
| 0:12 | Build | Mill |
| 0:18 | Build | Town Center |
| 1:20 | Build | House |
| 2:42 | Create | Villager (Male) |
| 2:43 | Create | Villager (Male) |
| 2:43 | Create | Villager (Male) |
| 2:43 | Create | Villager (Male) |
| 3:07 | Create | Villager (Male) |
| 3:08 | Create | Villager (Male) |
| 3:47 | Create | Villager (Male) |
| 3:48 | Create | Villager (Male) |
| 4:33 | Build | House |
| 4:37 | Create | Villager (Male) |
| 4:37 | Create | Villager (Male) |
| 5:08 | Build | House |
| 5:10 | Create | Villager (Male) |
| 6:02 | Create | Villager (Male) |
| 6:03 | Create | Villager (Male) |
| 6:49 | Create | Villager (Male) |
| 7:16 | Create | Villager (Male) |
| 7:39 | Create | Villager (Male) |
| 8:00 | Build | Mill |
| 8:09 | Build | Mill |
| 8:10 | Create | Villager (Male) |
| 8:22 | Build | House |
| 8:25 | Create | Villager (Male) |
| 9:00 | Create | Villager (Male) |
| 9:22 | Create | Villager (Male) |
| 9:25 | Research | Loom |
| 9:32 | Build | Lumber Camp |
| 10:09 | Research | Feudal Age |
| 10:32 | Create | Villager (Male) |
| 10:32 | Create | Villager (Male) |
| 11:04 | Build | Barracks |
| 11:11 | Build | Palisade Wall |
| 12:25 | Age | Feudal Age |
| 12:27 | Build | Stable |
| 12:31 | Build | House |
| 12:33 | Build | House |
| 12:34 | Build | Palisade Wall |
| 13:07 | Research | Town Watch |
| 13:17 | Build | Palisade Wall |
| 13:20 | Build | Palisade Wall |
| 13:26 | Build | Palisade Wall |
| 13:28 | Build | Palisade Wall |
| 13:28 | Build | Palisade Wall |
| 13:41 | Build | House |
| 13:44 | Create | Scout Cavalry |
| 13:45 | Create | Villager (Male) |
| 13:45 | Create | Villager (Male) |
| 13:53 | Build | Blacksmith |
| 14:03 | Create | Villager (Male) |
| 14:07 | Create | Scout Cavalry |
| 14:07 | Create | Scout Cavalry |
| 14:08 | Create | Scout Cavalry |
| 14:10 | Create | Villager (Male) |
| 14:15 | Build | Mill |
| 15:15 | Create | Villager (Male) |
| 15:20 | Research | Double-Bit Axe |
| 15:22 | Research | Horse Collar |
| 15:25 | Build | Farm |
| 15:25 | Build | Farm |
| 15:26 | Build | Farm |
| 15:26 | Build | Farm |
| 15:56 | Create | Villager (Male) |
| 16:16 | Create | Scout Cavalry |
| 16:17 | Create | Villager (Male) |
| 16:30 | Research | Forging |
| 16:51 | Create | Villager (Male) |
| 17:18 | Build | Farm |
| 17:20 | Build | Farm |
| 17:22 | Build | Farm |
| 17:24 | Create | Villager (Male) |
| 17:47 | Create | Villager (Male) |
| 17:57 | Research | Wheelbarrow |
| 18:21 | Research | Castle Age |
| 18:37 | Build | Stable |
| 18:42 | Research | Scale Barding Armor |
| 18:42 | Research | Forging |
| 18:51 | Build | Farm |
| 18:52 | Build | Farm |
| 19:06 | Research | Bloodlines |
| 19:13 | Build | House |
| 19:14 | Build | House |
| 19:36 | Build | House |
| 19:37 | Build | House |
| 19:39 | Build | House |
| 19:45 | Build | Palisade Wall |
| 20:45 | Create | Villager (Male) |
| 20:50 | Research | Wheelbarrow |
| 21:01 | Age | Castle Age |
| 21:04 | Create | Knight |
| 21:04 | Create | Knight |
| 21:11 | Research | Chain Barding Armor |
| 21:29 | Create | Villager (Male) |
| 21:37 | Build | Town Center |
| 21:41 | Create | Knight |
| 21:42 | Create | Knight |
| 22:09 | Create | Scout Cavalry |
| 22:13 | Create | Knight |
| 22:43 | Create | Knight |
| 22:45 | Create | Villager (Male) |
| 22:45 | Create | Villager (Male) |
| 22:49 | Build | Farm |
| 22:52 | Build | Farm |
| 22:58 | Research | Bow Saw |
| 23:16 | Create | Knight |
| 23:16 | Create | Knight |
| 23:32 | Create | Knight |
| 23:32 | Create | Knight |
| 23:35 | Create | Villager (Male) |
| 23:35 | Create | Villager (Male) |
| 23:38 | Build | Farm |
| 23:39 | Build | Farm |
| 23:39 | Build | Farm |
| 23:39 | Build | Farm |
| 23:39 | Build | Farm |
| 23:50 | Create | Knight |
| 23:50 | Create | Knight |
| 23:56 | Create | Villager (Male) |
| 23:56 | Create | Villager (Male) |
| 24:12 | Create | Knight |
| 24:13 | Create | Knight |
| 24:29 | Create | Knight |
| 24:29 | Create | Knight |
| 24:30 | Create | Villager (Male) |
| 24:49 | Create | Villager (Male) ×2 |
| 25:00 | Build | Farm |
| 25:32 | Create | Villager (Male) ×5 |
| 25:33 | Create | Scout Cavalry |
| 25:34 | Create | Scout Cavalry |
| 25:44 | Build | Town Center |
| 26:00 | Create | Knight |
| 26:00 | Create | Knight |
| 26:00 | Create | Knight |
| 26:03 | Create | Villager (Male) |
| 26:06 | Build | Farm |
| 26:06 | Build | Farm |
| 26:06 | Build | Farm |
| 26:07 | Build | Farm |
| 26:07 | Build | Farm |
| 26:07 | Build | Farm |
| 26:10 | Build | Lumber Camp |
| 26:25 | Create | Villager (Male) |
| 26:25 | Create | Villager (Male) |
| 26:28 | Build | Farm |
| 26:29 | Build | Farm |
| 26:32 | Create | Villager (Male) ×2 |
| 26:37 | Build | Mining Camp |
| 26:43 | Create | Knight |
Build order — Jansku
First 150 of 391 actions detected
| 0:09 | Build | House |
| 0:38 | Build | Town Center |
| 2:49 | Create | Villager (Male) |
| 2:50 | Create | Villager (Male) |
| 2:50 | Create | Villager (Male) |
| 3:00 | Create | Villager (Male) |
| 3:00 | Create | Villager (Male) |
| 4:09 | Build | House |
| 4:28 | Create | Villager (Male) |
| 4:28 | Create | Villager (Male) |
| 4:36 | Create | Villager (Male) |
| 5:09 | Build | Settlement |
| 5:12 | Create | Villager (Male) |
| 5:12 | Create | Villager (Male) |
| 5:44 | Create | Villager (Male) |
| 5:44 | Create | Villager (Male) |
| 6:04 | Create | Villager (Male) |
| 6:09 | Create | Villager (Male) |
| 6:46 | Create | Villager (Male) |
| 6:59 | Create | Villager (Male) |
| 7:45 | Create | Villager (Male) |
| 8:24 | Create | Villager (Male) |
| 8:49 | Research | Feudal Age |
| 8:49 | Research | Feudal Age |
| 8:53 | Build | Settlement |
| 9:47 | Build | House |
| 9:55 | Research | Loom |
| 10:13 | Build | Outpost |
| 10:30 | Build | Palisade Wall |
| 10:31 | Build | Palisade Wall |
| 10:33 | Build | Palisade Wall |
| 10:34 | Build | Palisade Wall |
| 10:59 | Age | Feudal Age |
| 11:04 | Build | Watch Tower |
| 11:07 | Build | Palisade Wall |
| 11:09 | Build | Palisade Wall |
| 11:13 | Build | Palisade Wall |
| 11:19 | Create | Villager (Male) |
| 11:23 | Research | Double-Bit Axe |
| 11:23 | Research | Horse Collar |
| 11:42 | Create | Villager (Male) |
| 11:43 | Create | Villager (Male) |
| 12:12 | Build | Watch Tower |
| 12:16 | Create | Villager (Male) |
| 13:22 | Create | Villager (Male) |
| 13:22 | Create | Villager (Male) |
| 13:26 | Build | Blacksmith |
| 13:54 | Create | Villager (Male) |
| 14:07 | Build | Watch Tower |
| 14:11 | Research | Fletching |
| 14:11 | Research | Fletching |
| 14:30 | Create | Villager (Male) |
| 15:10 | Create | Villager (Male) |
| 15:33 | Create | Villager (Male) |
| 15:33 | Create | Villager (Male) |
| 15:37 | Build | House |
| 15:50 | Build | Palisade Wall |
| 15:51 | Build | Palisade Wall |
| 15:51 | Build | Palisade Wall |
| 15:51 | Build | Palisade Wall |
| 15:52 | Build | Palisade Wall |
| 15:52 | Build | Palisade Wall |
| 15:52 | Build | Palisade Wall |
| 15:53 | Build | Palisade Wall |
| 15:53 | Build | Palisade Wall |
| 15:54 | Build | Palisade Wall |
| 16:01 | Build | Farm |
| 16:04 | Build | Farm |
| 16:09 | Build | Farm |
| 16:16 | Build | Farm |
| 16:39 | Build | Watch Tower |
| 16:45 | Build | Farm |
| 16:48 | Build | Farm |
| 16:50 | Build | Farm |
| 16:51 | Build | Farm |
| 16:59 | Create | Villager (Male) |
| 17:10 | Build | Palisade Gate |
| 17:12 | Build | Palisade Wall |
| 17:16 | Create | Villager (Male) |
| 17:29 | Build | Farm |
| 17:30 | Build | Farm |
| 17:53 | Create | Villager (Male) |
| 18:00 | Create | Villager (Male) |
| 18:23 | Create | Villager (Male) |
| 18:27 | Build | Farm |
| 18:40 | Create | Villager (Male) |
| 18:56 | Build | Market |
| 18:59 | Create | Villager (Male) |
| 19:23 | Create | Villager (Male) |
| 19:27 | Build | House |
| 19:28 | Build | House |
| 19:59 | Create | Villager (Male) |
| 20:02 | Build | Farm |
| 20:08 | Build | House |
| 20:36 | Create | Villager (Male) |
| 20:38 | Research | Wheelbarrow |
| 20:47 | Build | Settlement |
| 20:48 | Create | Villager (Male) |
| 20:54 | Build | Farm |
| 21:08 | Create | Villager (Male) |
| 21:15 | Build | Palisade Wall |
| 21:16 | Build | Palisade Wall |
| 21:21 | Build | Palisade Wall |
| 21:24 | Build | Palisade Wall |
| 21:31 | Create | Villager (Male) |
| 21:37 | Build | Barracks |
| 21:49 | Build | Settlement |
| 21:54 | Build | Farm |
| 22:20 | Create | Villager (Male) |
| 22:34 | Build | Farm |
| 22:59 | Create | Villager (Male) |
| 23:20 | Create | Villager (Male) |
| 23:38 | Build | House |
| 23:41 | Build | Palisade Wall |
| 23:41 | Build | Palisade Wall |
| 23:41 | Build | Palisade Wall |
| 23:42 | Build | Palisade Wall |
| 23:42 | Build | Palisade Wall |
| 23:42 | Build | Palisade Wall |
| 23:43 | Build | Palisade Wall |
| 23:53 | Research | Castle Age |
| 23:53 | Research | Castle Age |
| 23:54 | Research | Castle Age |
| 23:54 | Create | Villager (Male) |
| 24:31 | Build | Palisade Wall |
| 25:25 | Build | Farm |
| 25:32 | Build | Farm |
| 25:33 | Build | Farm |
| 25:34 | Build | Farm |
| 25:40 | Build | Farm |
| 26:26 | Research | Gold Mining |
| 26:33 | Age | Castle Age |
| 26:34 | Research | Bow Saw |
| 26:34 | Research | Bow Saw |
| 26:36 | Research | Heavy Plow |
| 27:16 | Build | Castle |
| 27:20 | Research | Bodkin Arrow |
| 27:21 | Create | Villager (Male) |
| 27:37 | Create | Villager (Male) |
| 28:01 | Build | Town Center |
| 28:31 | Build | Town Center |
| 28:37 | Create | Villager (Male) |
| 28:38 | Create | Villager (Male) |
| 28:55 | Create | Villager (Male) |
| 28:57 | Research | Hand Cart |
| 28:59 | Create | Villager (Male) |
| 29:04 | Build | Farm |
| 29:05 | Build | Farm |
| 29:17 | Create | Villager (Male) |
| 29:31 | Create | Villager (Male) |
Build order — FunKinGGusTI
First 150 of 453 actions detected
| 0:34 | Build | Town Center |
| 0:41 | Build | Mule Cart |
| 1:21 | Build | House |
| 2:50 | Create | Villager (Male) |
| 2:50 | Create | Villager (Male) |
| 2:50 | Create | Villager (Male) |
| 2:50 | Create | Villager (Male) |
| 3:22 | Create | Villager (Male) |
| 3:22 | Create | Villager (Male) |
| 4:09 | Create | Villager (Male) |
| 4:36 | Build | House |
| 4:52 | Create | Villager (Male) |
| 4:52 | Create | Villager (Male) |
| 5:19 | Create | Villager (Male) |
| 5:19 | Create | Villager (Male) |
| 5:38 | Create | Villager (Male) |
| 5:38 | Create | Villager (Male) |
| 6:05 | Create | Villager (Male) |
| 6:17 | Build | Mill |
| 6:44 | Create | Villager (Male) |
| 6:44 | Create | Villager (Male) |
| 6:51 | Build | House |
| 7:25 | Create | Villager (Male) |
| 7:25 | Create | Villager (Male) |
| 7:47 | Create | Villager (Male) |
| 8:06 | Research | Loom |
| 8:54 | Research | Feudal Age |
| 9:47 | Build | Palisade Wall |
| 9:50 | Build | Barracks |
| 10:09 | Create | Villager (Male) |
| 11:06 | Build | Stable |
| 11:11 | Create | Villager (Male) |
| 11:30 | Research | Double-Bit Axe |
| 11:32 | Create | Villager (Male) |
| 11:50 | Build | House |
| 12:04 | Create | Scout Cavalry |
| 12:08 | Create | Villager (Male) |
| 12:21 | Create | Scout Cavalry |
| 12:23 | Build | House |
| 12:44 | Create | Scout Cavalry |
| 12:56 | Create | Villager (Male) |
| 12:58 | Build | Blacksmith |
| 13:15 | Create | Villager (Male) |
| 13:22 | Create | Villager (Male) |
| 13:23 | Create | Villager (Male) |
| 13:27 | Build | Farm |
| 13:30 | Build | Farm |
| 13:49 | Build | Farm |
| 13:50 | Build | Farm |
| 13:53 | Build | Farm |
| 13:54 | Create | Villager (Male) |
| 14:13 | Build | Farm |
| 14:16 | Build | Farm |
| 14:18 | Create | Scout Cavalry |
| 14:25 | Build | House |
| 14:36 | Create | Villager (Male) |
| 15:01 | Create | Villager (Male) |
| 15:11 | Create | Villager (Male) |
| 15:20 | Create | Scout Cavalry |
| 15:21 | Create | Villager (Male) |
| 15:29 | Build | Farm |
| 16:07 | Research | Horse Collar |
| 16:08 | Create | Villager (Male) |
| 16:32 | Build | Mill |
| 16:34 | Create | Villager (Male) |
| 16:37 | Create | Villager (Male) |
| 16:45 | Create | Scout Cavalry |
| 16:51 | Build | House |
| 16:57 | Create | Villager (Male) |
| 17:15 | Build | Farm |
| 17:18 | Build | Farm |
| 17:19 | Build | Farm |
| 17:24 | Build | House |
| 17:34 | Build | Farm |
| 17:36 | Create | Villager (Male) |
| 18:17 | Build | Farm |
| 18:17 | Build | Farm |
| 18:19 | Create | Villager (Male) |
| 18:51 | Build | Farm |
| 18:55 | Build | Farm |
| 19:13 | Create | Villager (Male) |
| 19:24 | Build | Market |
| 19:35 | Create | Villager (Male) |
| 19:50 | Build | Farm |
| 20:02 | Create | Villager (Male) |
| 20:31 | Research | Castle Age |
| 20:38 | Build | Stable |
| 21:12 | Build | Mule Cart |
| 21:19 | Research | Bloodlines |
| 21:20 | Research | Scale Barding Armor |
| 21:30 | Build | House |
| 22:19 | Research | Forging |
| 22:22 | Create | Villager (Male) |
| 22:29 | Research | Gold Mining |
| 22:30 | Research | Gold Mining |
| 22:48 | Create | Villager (Male) |
| 23:19 | Build | Monastery |
| 23:29 | Build | Monastery |
| 23:32 | Create | Villager (Male) |
| 23:42 | Research | Chain Barding Armor |
| 23:45 | Create | Knight |
| 23:45 | Create | Knight |
| 23:51 | Create | Villager (Male) |
| 24:12 | Build | Mill |
| 24:18 | Create | Villager (Male) |
| 24:25 | Create | Knight |
| 24:26 | Create | Villager (Male) |
| 24:27 | Create | Knight |
| 24:35 | Create | Villager (Male) |
| 24:50 | Build | Monastery |
| 24:58 | Create | Villager (Male) |
| 25:15 | Create | Villager (Male) |
| 25:22 | Build | House |
| 25:35 | Create | Monk |
| 25:53 | Create | Villager (Male) |
| 26:09 | Build | Town Center |
| 26:28 | Create | Villager (Male) |
| 26:29 | Create | Villager (Male) |
| 26:42 | Create | Villager (Male) |
| 27:02 | Create | Villager (Male) |
| 27:28 | Build | Town Center |
| 27:30 | Create | Villager (Male) |
| 27:42 | Research | Bow Saw |
| 27:43 | Create | Villager (Male) |
| 27:54 | Create | Villager (Male) |
| 27:58 | Build | Farm |
| 28:13 | Build | Monastery |
| 28:20 | Create | Villager (Male) |
| 28:31 | Create | Villager (Male) |
| 28:38 | Build | Monastery |
| 28:40 | Create | Villager (Male) |
| 28:40 | Create | Villager (Male) |
| 28:44 | Create | Villager (Male) |
| 28:54 | Build | House |
| 28:57 | Build | Farm |
| 28:58 | Build | Farm |
| 29:04 | Create | Villager (Male) |
| 29:09 | Build | House |
| 29:10 | Build | House |
| 29:13 | Research | Wheelbarrow |
| 29:18 | Research | Town Watch |
| 29:19 | Create | Villager (Male) |
| 29:19 | Create | Villager (Male) |
| 29:24 | Create | Villager (Male) |
| 29:31 | Build | Farm |
| 29:32 | Build | Farm |
| 29:34 | Create | Villager (Male) |
| 29:42 | Create | Villager (Male) |
| 29:42 | Create | Villager (Male) |
| 29:53 | Build | Town Center |
Build order — Alexis
First 150 of 607 actions detected
| 1:47 | Build | Town Center |
| 3:35 | Create | Villager (Male) ×4 |
| 3:35 | Create | Villager (Male) ×4 |
| 3:35 | Create | Villager (Male) ×4 |
| 4:26 | Create | Villager (Male) |
| 4:26 | Create | Villager (Male) |
| 4:28 | Build | House |
| 4:31 | Research | Loom |
| 4:31 | Create | Villager (Male) |
| 4:31 | Create | Villager (Male) |
| 4:32 | Create | Villager (Male) |
| 4:34 | Build | Lumber Camp |
| 5:12 | Create | Villager (Male) |
| 5:48 | Create | Villager (Male) |
| 6:18 | Build | House |
| 6:19 | Create | Villager (Male) |
| 6:46 | Create | Villager (Male) |
| 6:55 | Build | Mill |
| 7:34 | Create | Villager (Male) |
| 7:34 | Create | Villager (Male) |
| 7:42 | Create | Villager (Male) |
| 7:54 | Build | House |
| 8:25 | Create | Villager (Male) |
| 8:30 | Build | Palisade Wall |
| 8:37 | Create | Villager (Male) |
| 8:55 | Create | Villager (Male) |
| 9:15 | Create | Villager (Male) |
| 9:42 | Create | Villager (Male) |
| 10:03 | Build | House |
| 10:09 | Create | Villager (Male) |
| 10:28 | Build | Palisade Wall |
| 10:36 | Build | Palisade Wall |
| 10:59 | Research | Feudal Age |
| 11:06 | Build | Mining Camp |
| 12:18 | Create | Villager (Male) |
| 12:18 | Create | Villager (Male) |
| 13:21 | Age | Feudal Age |
| 13:23 | Build | Market |
| 13:26 | Build | Blacksmith |
| 13:59 | Build | House |
| 14:17 | Research | Castle Age |
| 14:37 | Research | Horse Collar |
| 16:34 | Create | Villager (Male) |
| 16:57 | Age | Castle Age |
| 17:00 | Build | Town Center |
| 17:09 | Build | Monastery |
| 17:21 | Create | Villager (Male) |
| 17:43 | Build | Town Center |
| 17:46 | Create | Villager (Male) |
| 17:54 | Create | Monk |
| 17:59 | Create | Villager (Male) |
| 18:10 | Build | House |
| 18:21 | Create | Villager (Male) |
| 18:32 | Create | Villager (Male) |
| 18:35 | Research | Heavy Plow |
| 18:39 | Create | Villager (Male) |
| 18:39 | Create | Villager (Male) |
| 18:57 | Create | Villager (Male) |
| 18:58 | Create | Villager (Male) |
| 18:58 | Create | Villager (Male) |
| 19:09 | Create | Monk |
| 19:20 | Create | Villager (Male) |
| 19:21 | Create | Villager (Male) |
| 19:21 | Create | Villager (Male) |
| 19:28 | Build | Farm |
| 19:29 | Build | Farm |
| 19:30 | Build | Farm |
| 19:35 | Create | Villager (Male) |
| 19:39 | Build | Farm |
| 19:51 | Build | Farm |
| 20:04 | Create | Villager (Male) |
| 20:04 | Create | Villager (Male) |
| 20:15 | Create | Villager (Male) |
| 20:15 | Create | Villager (Male) |
| 20:15 | Create | Villager (Male) |
| 20:16 | Create | Villager (Male) |
| 20:18 | Build | Farm |
| 20:20 | Build | Farm |
| 20:21 | Create | Villager (Male) |
| 20:31 | Create | Villager (Male) |
| 20:39 | Create | Villager (Male) |
| 20:39 | Create | Villager (Male) |
| 20:45 | Build | Farm |
| 20:54 | Create | Villager (Male) |
| 20:54 | Create | Villager (Male) |
| 20:55 | Create | Villager (Male) |
| 20:55 | Create | Villager (Male) |
| 21:01 | Build | Farm |
| 21:05 | Create | Villager (Male) |
| 21:10 | Create | Villager (Male) |
| 21:21 | Create | Villager (Male) |
| 21:25 | Build | House |
| 21:37 | Create | Villager (Male) |
| 21:39 | Build | Farm |
| 21:41 | Create | Villager (Male) |
| 21:59 | Build | House |
| 21:59 | Build | House |
| 22:00 | Create | Villager (Male) |
| 22:02 | Create | Villager (Male) |
| 22:19 | Create | Villager (Male) |
| 22:32 | Create | Villager (Male) |
| 22:40 | Create | Villager (Male) |
| 22:45 | Create | Villager (Male) |
| 22:50 | Build | Farm |
| 22:52 | Build | Farm |
| 22:57 | Build | House |
| 23:10 | Build | Town Center |
| 23:10 | Create | Villager (Male) |
| 23:12 | Create | Villager (Male) |
| 23:12 | Create | Villager (Male) |
| 23:13 | Create | Villager (Male) |
| 23:16 | Create | Villager (Male) |
| 23:22 | Research | Wheelbarrow |
| 23:23 | Research | Wheelbarrow |
| 23:29 | Create | Villager (Male) |
| 23:31 | Build | House |
| 23:32 | Build | House |
| 23:34 | Create | Villager (Male) |
| 23:42 | Create | Villager (Male) |
| 23:43 | Create | Villager (Male) |
| 23:47 | Create | Villager (Male) |
| 23:58 | Create | Villager (Male) |
| 24:00 | Research | Gold Mining |
| 24:01 | Research | Gold Mining |
| 24:06 | Create | Villager (Male) |
| 24:13 | Create | Villager (Male) |
| 24:14 | Create | Villager (Male) |
| 24:14 | Create | Villager (Male) |
| 24:17 | Build | House |
| 24:17 | Build | House |
| 24:22 | Create | Villager (Male) |
| 24:39 | Create | Villager (Male) |
| 24:42 | Create | Villager (Male) |
| 24:51 | Build | Mining Camp |
| 24:54 | Create | Villager (Male) |
| 24:54 | Create | Villager (Male) |
| 25:15 | Build | Mill |
| 25:16 | Create | Villager (Male) |
| 25:19 | Build | House |
| 25:19 | Build | House |
| 25:21 | Create | Villager (Male) |
| 25:26 | Create | Villager (Male) |
| 25:28 | Research | Town Watch |
| 25:31 | Create | Villager (Male) |
| 25:31 | Create | Villager (Male) |
| 25:39 | Build | Mining Camp |
| 25:40 | Create | Villager (Male) |
| 25:51 | Create | Villager (Male) |
| 25:53 | Create | Villager (Male) |
| 26:03 | Build | Farm |
Build order — Louis XI
First 150 of 528 actions detected
| 0:47 | Build | Town Center |
| 1:08 | Build | Lumber Camp |
| 1:10 | Build | House |
| 2:47 | Create | Villager (Male) ×4 |
| 2:47 | Create | Villager (Male) ×4 |
| 4:01 | Create | Villager (Male) |
| 4:18 | Build | House |
| 4:29 | Create | Villager (Male) |
| 4:51 | Build | Mill |
| 5:16 | Create | Villager (Male) |
| 5:40 | Create | Villager (Male) |
| 6:10 | Create | Villager (Male) |
| 6:10 | Create | Villager (Male) |
| 6:34 | Create | Villager (Male) |
| 6:35 | Create | Villager (Male) |
| 6:35 | Create | Villager (Male) |
| 6:35 | Create | Villager (Male) |
| 7:02 | Build | House |
| 7:50 | Create | Villager (Male) |
| 8:17 | Create | Villager (Male) |
| 8:25 | Build | House |
| 8:41 | Research | Feudal Age |
| 8:41 | Research | Feudal Age |
| 8:44 | Build | Palisade Wall |
| 8:48 | Build | Palisade Wall |
| 8:54 | Build | Palisade Gate |
| 10:18 | Build | Lumber Camp |
| 10:25 | Create | Villager (Male) |
| 10:52 | Age | Feudal Age |
| 10:53 | Research | Double-Bit Axe |
| 11:02 | Create | Villager (Male) |
| 11:18 | Research | Horse Collar |
| 11:18 | Research | Horse Collar |
| 11:22 | Create | Villager (Male) |
| 11:31 | Build | House |
| 11:40 | Create | Villager (Male) |
| 12:06 | Create | Villager (Male) |
| 12:13 | Build | Mining Camp |
| 12:39 | Research | Gold Mining |
| 12:58 | Create | Villager (Male) |
| 13:10 | Build | House |
| 13:25 | Create | Villager (Male) |
| 13:29 | Research | Stone Mining |
| 13:29 | Research | Stone Mining |
| 13:46 | Create | Villager (Male) |
| 14:04 | Research | Loom |
| 14:08 | Build | Market |
| 14:12 | Create | Villager (Male) |
| 14:25 | Research | Town Watch |
| 15:13 | Create | Villager (Male) |
| 15:22 | Build | Blacksmith |
| 15:28 | Create | Villager (Male) |
| 15:52 | Build | Palisade Gate |
| 15:57 | Build | Palisade Gate |
| 15:59 | Build | Palisade Wall |
| 16:14 | Research | Castle Age |
| 16:14 | Research | Castle Age |
| 16:14 | Research | Castle Age |
| 17:01 | Create | Villager (Male) |
| 17:12 | Build | Barracks |
| 17:17 | Create | Villager (Male) |
| 17:19 | Build | Palisade Wall |
| 17:25 | Build | Palisade Wall |
| 17:42 | Build | Palisade Wall |
| 17:44 | Build | Palisade Wall |
| 17:47 | Build | Palisade Wall |
| 17:48 | Create | Villager (Male) |
| 17:51 | Build | Palisade Wall |
| 17:53 | Build | Palisade Wall |
| 17:55 | Create | Spearman |
| 17:56 | Create | Spearman |
| 18:20 | Create | Villager (Male) |
| 18:53 | Age | Castle Age |
| 19:03 | Build | Town Center |
| 19:08 | Build | House |
| 19:15 | Create | Villager (Male) |
| 19:41 | Build | Town Center |
| 19:47 | Create | Villager (Male) |
| 19:52 | Build | Palisade Wall |
| 20:10 | Build | House |
| 20:33 | Research | Bow Saw |
| 20:39 | Create | Villager (Male) |
| 20:48 | Create | Villager (Male) |
| 21:01 | Research | Wheelbarrow |
| 21:01 | Research | Wheelbarrow |
| 21:04 | Create | Villager (Male) |
| 21:18 | Create | Villager (Male) |
| 21:18 | Create | Villager (Male) |
| 21:25 | Create | Villager (Male) |
| 21:32 | Create | Villager (Male) |
| 21:42 | Build | Mill |
| 21:48 | Create | Villager (Male) |
| 22:00 | Build | Outpost |
| 22:11 | Create | Villager (Male) |
| 22:19 | Create | Villager (Male) |
| 22:43 | Create | Villager (Male) |
| 22:46 | Create | Spearman |
| 22:49 | Create | Spearman |
| 22:54 | Build | Mill |
| 23:01 | Build | House |
| 23:02 | Build | House |
| 23:20 | Create | Villager (Male) |
| 23:32 | Create | Villager (Male) ×4 |
| 23:38 | Build | House |
| 23:58 | Build | Town Center |
| 24:00 | Create | Villager (Male) |
| 24:01 | Create | Villager (Male) |
| 24:03 | Build | House |
| 24:05 | Create | Villager (Male) |
| 24:07 | Build | Mill |
| 24:29 | Build | House |
| 24:29 | Build | House |
| 24:31 | Create | Villager (Male) |
| 24:36 | Create | Villager (Male) |
| 24:39 | Build | House |
| 24:41 | Create | Villager (Male) |
| 24:46 | Build | Outpost |
| 24:49 | Create | Villager (Male) |
| 24:56 | Create | Villager (Male) |
| 25:02 | Create | Villager (Male) |
| 25:06 | Build | Town Center |
| 25:08 | Create | Villager (Male) |
| 25:17 | Build | Outpost |
| 25:19 | Create | Villager (Male) |
| 25:26 | Create | Villager (Male) |
| 25:28 | Create | Villager (Male) |
| 25:28 | Create | Villager (Male) |
| 25:32 | Build | Farm |
| 25:32 | Build | Farm |
| 25:32 | Build | Farm |
| 25:32 | Build | Farm |
| 25:33 | Build | Farm |
| 25:33 | Build | Farm |
| 25:36 | Research | Heavy Plow |
| 25:36 | Research | Heavy Plow |
| 25:51 | Build | Outpost |
| 25:57 | Build | Monastery |
| 25:59 | Create | Villager (Male) |
| 25:59 | Create | Villager (Male) |
| 25:59 | Create | Villager (Male) |
| 26:03 | Create | Villager (Male) |
| 26:11 | Research | Pikeman (upgrade) |
| 26:25 | Create | Villager (Male) |
| 26:34 | Create | Villager (Male) |
| 26:34 | Create | Spearman |
| 26:37 | Create | Villager (Male) |
| 26:49 | Build | Barracks |
| 26:52 | Create | Spearman |
| 26:52 | Create | Spearman |
| 26:53 | Create | Monk |
Match timeline
| 8:21 | 胖子事情多 · wall_segment Palisade Wall x7 |
| 8:30 | Alexis · wall_segment Palisade Wall x1 |
| 8:44 | Louis XI · wall_segment Palisade Wall x1 |
| 8:48 | Louis XI · wall_segment Palisade Wall x1 |
| 9:47 | FunKinGGusTI · wall_segment Palisade Wall x1 |
| 9:50 | FunKinGGusTI · first_building Barracks |
| 9:56 | 胖子事情多 · wall_segment Palisade Wall x1 |
| 10:03 | 胖子事情多 · wall_segment Palisade Wall x1 |
| 10:05 | 胖子事情多 · wall_segment Palisade Wall x2 |
| 10:22 | AOE2.GG | MattWithAHat · first_building Barracks |
| 10:27 | AOE2.GG | MattWithAHat · wall_segment Palisade Wall x1 |
| 10:28 | Alexis · wall_segment Palisade Wall x1 |
| 10:30 | Jansku · wall_segment Palisade Wall x1 |
| 10:31 | Jansku · wall_segment Palisade Wall x1 |
| 10:32 | AOE2.GG | MattWithAHat · wall_segment Palisade Wall x1 |
| 10:33 | Jansku · wall_segment Palisade Wall x1 |
| 10:34 | Jansku · wall_segment Palisade Wall x1 |
| 10:36 | Alexis · wall_segment Palisade Wall x1 |
| 10:36 | AOE2.GG | MattWithAHat · wall_segment Palisade Wall x1 |
| 10:52 | Louis XI · age_up feudal |
| 10:53 | AOE2.GG | MattWithAHat · wall_segment Palisade Wall x1 |
| 10:54 | AOE2.GG | MattWithAHat · wall_segment Palisade Wall x1 |
| 10:56 | AOE2.GG | MattWithAHat · wall_segment Palisade Wall x1 |
| 10:59 | Jansku · age_up feudal |
| 11:04 | b4ron1 · first_building Barracks |
| 11:06 | FunKinGGusTI · first_building Stable |
| 11:07 | Jansku · wall_segment Palisade Wall x1 |
| 11:09 | Jansku · wall_segment Palisade Wall x1 |
| 11:11 | b4ron1 · wall_segment Palisade Wall x1 |
| 11:13 | Jansku · wall_segment Palisade Wall x1 |
| 11:38 | 胖子事情多 · wall_segment Palisade Wall x1 |
| 11:43 | 胖子事情多 · wall_segment Palisade Wall x6 |
| 12:25 | b4ron1 · age_up feudal |
| 12:27 | b4ron1 · first_building Stable |
| 12:34 | b4ron1 · wall_segment Palisade Wall x1 |
| 13:10 | Hand Cannon · age_up feudal |
| 13:14 | Hand Cannon · first_building Donjon |
| 13:17 | b4ron1 · wall_segment Palisade Wall x4 |
| 13:20 | b4ron1 · wall_segment Palisade Wall x3 |
| 13:20 | AOE2.GG | MattWithAHat · age_up feudal |
| 13:21 | Alexis · age_up feudal |
| 13:22 | 胖子事情多 · age_up feudal |
| 13:25 | AOE2.GG | MattWithAHat · first_building Archery Range |
| 13:26 | b4ron1 · wall_segment Palisade Wall x1 |
| 13:28 | b4ron1 · wall_segment Palisade Wall x1 |
| 13:28 | b4ron1 · wall_segment Palisade Wall x1 |
| 15:12 | 胖子事情多 · wall_segment Palisade Wall x8 |
| 15:40 | 胖子事情多 · wall_segment Palisade Wall x1 |
| 15:50 | Jansku · wall_segment Palisade Wall x1 |
| 15:51 | Jansku · wall_segment Palisade Wall x1 |
| 15:51 | Jansku · wall_segment Palisade Wall x1 |
| 15:51 | Jansku · wall_segment Palisade Wall x1 |
| 15:52 | Jansku · wall_segment Palisade Wall x1 |
| 15:52 | Jansku · wall_segment Palisade Wall x1 |
| 15:52 | Jansku · wall_segment Palisade Wall x1 |
| 15:53 | Jansku · wall_segment Palisade Wall x1 |
| 15:53 | Jansku · wall_segment Palisade Wall x1 |
| 15:54 | Jansku · wall_segment Palisade Wall x1 |
| 15:59 | Louis XI · wall_segment Palisade Wall x1 |
| 16:04 | 胖子事情多 · wall_segment Palisade Wall x1 |
| 16:10 | 胖子事情多 · wall_segment Palisade Wall x1 |
| 16:14 | AOE2.GG | MattWithAHat · wall_segment Palisade Wall x2 |
| 16:14 | 胖子事情多 · wall_segment Palisade Wall x1 |
| 16:57 | Alexis · age_up castle |
| 17:06 | Alexis · first_market_sell 100 food |
| 17:07 | Alexis · first_market_buy 100 wood |
| 17:08 | Louis XI · first_market_buy 100 wood |
| 17:09 | Alexis · first_building Monastery |
| 17:12 | Louis XI · first_building Barracks |
| 17:12 | Jansku · wall_segment Palisade Wall x1 |
| 17:13 | AOE2.GG | MattWithAHat · wall_segment Palisade Wall x2 |
| 17:19 | Louis XI · wall_segment Palisade Wall x1 |
| 17:25 | Louis XI · wall_segment Palisade Wall x1 |
| 17:42 | Louis XI · wall_segment Palisade Wall x1 |
| 17:44 | Louis XI · wall_segment Palisade Wall x1 |
| 17:45 | AOE2.GG | MattWithAHat · wall_segment Palisade Wall x1 |
| 17:47 | Louis XI · wall_segment Palisade Wall x1 |
| 17:51 | Louis XI · wall_segment Palisade Wall x1 |
| 17:53 | Louis XI · wall_segment Palisade Wall x1 |
| 17:55 | 胖子事情多 · age_up castle |
| 18:02 | 胖子事情多 · first_building Castle |
| 18:19 | 胖子事情多 · wall_segment Palisade Wall x1 |
| 18:53 | Louis XI · age_up castle |
| 19:21 | AOE2.GG | MattWithAHat · first_market_sell 100 stone |
| 19:27 | AOE2.GG | MattWithAHat · first_market_buy 100 food |
| 19:45 | b4ron1 · wall_segment Palisade Wall x1 |
| 19:52 | Louis XI · wall_segment Palisade Wall x1 |
| 20:30 | FunKinGGusTI · first_market_sell 100 food |
| 21:01 | b4ron1 · age_up castle |
| 21:15 | Jansku · wall_segment Palisade Wall x1 |
| 21:16 | Jansku · wall_segment Palisade Wall x1 |
| 21:21 | Jansku · wall_segment Palisade Wall x1 |
| 21:24 | Jansku · wall_segment Palisade Wall x1 |
| 21:37 | Jansku · first_building Barracks |
| 21:51 | 胖子事情多 · first_building Barracks |
| 22:11 | Jansku · first_market_sell 100 wood |
| 23:06 | Jansku · first_market_buy 100 food |
| 23:19 | FunKinGGusTI · first_building Monastery |
| 23:40 | FunKinGGusTI · first_market_buy 100 food |
| 23:41 | Jansku · wall_segment Palisade Wall x1 |
| 23:41 | Jansku · wall_segment Palisade Wall x1 |
| 23:41 | Jansku · wall_segment Palisade Wall x1 |
| 23:42 | Jansku · wall_segment Palisade Wall x1 |
| 23:42 | Jansku · wall_segment Palisade Wall x1 |
| 23:42 | Jansku · wall_segment Palisade Wall x2 |
| 23:43 | Jansku · wall_segment Palisade Wall x1 |
| 24:02 | AOE2.GG | MattWithAHat · age_up castle |
| 24:10 | AOE2.GG | MattWithAHat · wall_segment Palisade Wall x1 |
| 24:31 | Jansku · wall_segment Palisade Wall x2 |
| 24:54 | 胖子事情多 · wall_segment Palisade Wall x1 |
| 25:02 | AOE2.GG | MattWithAHat · first_building Siege Workshop |
| 25:57 | Louis XI · first_building Monastery |
| 26:19 | 胖子事情多 · wall_segment Stone Wall x1 |
| 26:33 | Jansku · age_up castle |
| 26:35 | 胖子事情多 · wall_segment Stone Wall x1 |
| 26:45 | 胖子事情多 · wall_segment Stone Wall x1 |
| 27:10 | 胖子事情多 · wall_segment Stone Wall x1 |
| 27:11 | 胖子事情多 · wall_segment Stone Wall x1 |
| 27:12 | 胖子事情多 · wall_segment Stone Wall x1 |
| 27:16 | Jansku · first_building Castle |
| 27:27 | Hand Cannon · age_up castle |
| 27:37 | Hand Cannon · first_market_sell 100 food |
| 27:39 | AOE2.GG | MattWithAHat · wall_segment Stone Wall x2 |
| 27:40 | Hand Cannon · first_market_buy 100 stone |
| 28:09 | 胖子事情多 · wall_segment Stone Wall x1 |
| 28:17 | Hand Cannon · first_building Castle |
| 28:26 | 胖子事情多 · first_building Siege Workshop |
| 28:37 | Alexis · first_building Castle |
| 28:40 | Alexis · first_building Barracks |
| 28:59 | Louis XI · first_building Siege Workshop |
| 29:44 | Alexis · first_building Stable |
| 30:37 | AOE2.GG | MattWithAHat · wall_segment Stone Wall x1 |
| 30:39 | AOE2.GG | MattWithAHat · wall_segment Stone Wall x7 |
| 31:29 | Jansku · wall_segment Palisade Wall x3 |
| 31:36 | Alexis · age_up imperial |
| 32:09 | FunKinGGusTI · first_building Castle |
| 32:53 | b4ron1 · first_building Siege Workshop |
| 33:56 | Louis XI · first_building Castle |
| 34:20 | Jansku · wall_segment Palisade Wall x2 |
| 34:34 | AOE2.GG | MattWithAHat · wall_segment Stone Wall x3 |
| 35:10 | Jansku · wall_segment Stone Wall x6 |
| 35:15 | Jansku · wall_segment Stone Wall x2 |
| 35:18 | Jansku · wall_segment Stone Wall x4 |
| 35:35 | Jansku · wall_segment Stone Wall x5 |
| 35:38 | Alexis · first_building Siege Workshop |
| 35:56 | Louis XI · first_building Stable |
| 36:08 | b4ron1 · first_building Castle |
| 36:50 | Louis XI · age_up imperial |
| 38:08 | Hand Cannon · first_building Dock |
| 38:20 | b4ron1 · age_up imperial |
| 38:34 | Jansku · first_building Siege Workshop |
| 38:51 | AOE2.GG | MattWithAHat · first_building Castle |
| 39:32 | AOE2.GG | MattWithAHat · age_up imperial |
| 39:33 | AOE2.GG | MattWithAHat · first_building Monastery |
| 40:01 | b4ron1 · first_market_buy 100 stone |
| 40:07 | Jansku · wall_segment Stone Wall x1 |
| 40:41 | Jansku · age_up imperial |
| 41:11 | 胖子事情多 · first_market_sell 100 stone |
| 41:15 | 胖子事情多 · first_market_buy 100 food |
| 41:23 | AOE2.GG | MattWithAHat · wall_segment Stone Wall x4 |
| 41:23 | Hand Cannon · wall_segment Stone Wall x3 |
| 42:01 | FunKinGGusTI · first_building Siege Workshop |
| 42:31 | Hand Cannon · wall_segment Stone Wall x3 |
| 42:43 | Hand Cannon · wall_segment Stone Wall x9 |
| 42:52 | Hand Cannon · wall_segment Stone Wall x22 |
| 43:12 | Jansku · wall_segment Stone Wall x1 |
| 43:31 | AOE2.GG | MattWithAHat · wall_segment Stone Wall x9 |
| 44:19 | Hand Cannon · wall_segment Stone Wall x25 |
| 45:22 | 胖子事情多 · resign |
| 45:44 | b4ron1 · first_market_sell 500 food |
[ AI ANALYSIS · 1 CREDIT ]
What really happened in this match?
Wolo.gg analyzes every decision: build order, eco, micro, common mistakes by bracket. Personalized analysis on WhatsApp or Discord in 30 seconds.
Civ guide
Poles
Perfil
Jugador #2900258